 Dungeon Crawl Stone Soup version 0.30-a0-374-g95c0257040 (webtiles) character file.

Game seed: 3804943193214241917

158 KennySheep the Shooter (level 4, 0/36 HPs)
             Began as a Demigod Hexslinger on Nov 27, 2022.
             Slain by a killer bee (3 damage)
             ... on level 4 of the Dungeon.
             The game lasted 00:05:19 (2370 turns).

KennySheep the Shooter (Demigod Hexslinger)         Turns: 2370, Time: 00:05:19

Health: 0/36       AC:  3    Str: 11    XL:     4   Next: 94%
Magic:  8/8        EV: 13    Int: 15    God:
Gold:   174        SH:  0    Dex: 18    Spells: 4/5 levels left

rFire   . . .      SeeInvis .    a - +1 sling
rCold   . . .      Faith    .    (no shield)
rNeg    . . .      Spirit   .    c - +0 robe
rPois   .          Reflect  .    (no helmet)
rElec   .          Harm     .    (no cloak)
rCorr   .          Rampage  .    g - +0 pair of gloves
Will    .....                    (no boots)
Stlth   ++........               (no amulet)
HPRegen 0.26/turn                (no ring)
MPRegen 0.11/turn                (no ring)

@: lethally poisoned (0 -> -8)
A: high MP 1, forlorn, divine attributes
a: no special abilities


You were on level 4 of the Dungeon.
You visited 1 branch of the dungeon, and saw 4 of its levels.

You collected 174 gold pieces.

Inventory:

Hand Weapons
 a - a +1 sling (weapon)
Missiles
 i - a throwing net
Armour
 c - a +0 robe (worn)
 g - a +0 pair of gloves (worn)
Scrolls
 b - a scroll of poison
 h - a scroll of summoning {unknown}
 j - a scroll of teleportation
 o - a scroll of enchant armour
 p - a scroll of blinking
Potions
 d - a potion of attraction
 e - a potion of might {unknown}
 f - a potion of heal wounds {unknown}
 k - 2 potions of curing
 l - a potion of flight
 m - a potion of brilliance {unknown}
 n - a potion of berserk rage {unknown}


   Skills:
 + Level 2.1 Fighting
 * Level 3.3 Ranged Weapons
 + Level 2.6 Dodging
 + Level 2.0 Stealth
 - Level 1.0 Spellcasting
 - Level 2.6 Hexes


You had 4 spell levels left.
You knew the following spells:

 Your Spells              Type           Power      Damage    Failure   Level
a - Slow                  Hex            32%        N/A       9%          1

Your spell library contained the following spells:

 Spells                   Type           Power      Damage    Failure   Level
 Freeze                   Ice            0%         1d3       24%         1
 Inner Flame              Hex/Fire       4%         N/A       38%         3
 Portal Projectile        Hex/Tloc       8%         N/A       38%         3
 Frozen Ramparts          Ice            0%         1d1       58%         3
 Hailstorm                Conj/Ice       0%         3d3       58%         3
 Cause Fear               Hex            4%         N/A       63%         4


Dungeon Overview and Level Annotations

Branches:
Dungeon (4/15)
 Temple: D:4-7

Annotations:
D:3 Sigmund


Innate Abilities, Weirdness & Mutations

You have an increased reservoir of magic. (+10% MP)
You shall have no god before yourself.
Your divine heritage dramatically boosts your attributes as you level up.


Message History

The adder is heavily wounded.
You hear an angry buzzing noise.
You hear a bark! x2
A killer bee comes into view.
An orc comes into view. It is wielding a +0 short sword.
You hear an angry buzzing noise.
You shoot a sling bullet. The orc shouts!
The sling bullet hits the adder.
You kill the adder!
You hear a shout!
An orc wizard comes into view. It is wielding a +0 dagger.
The killer bee stings you.
You hear an angry buzzing noise.
Your Stealth skill increases to level 2!
The killer bee attacks as you move away!
The killer bee closely misses you. The killer bee misses you.
The killer bee attacks as you move away!
The killer bee misses you. The killer bee stings you.
You are poisoned.
The killer bee poisons you!
The killer bee attacks as you move away!
The killer bee closely misses you.
You feel sick. The killer bee stings you.
The killer bee attacks as you move away!
The killer bee stings you!
You feel sick. The killer bee stings you.
You shoot a sling bullet.
The sling bullet barely misses the killer bee.
The sling bullet barely misses the orc.
You feel sick. The killer bee stings you.
* * * LOW HITPOINT WARNING * * *
The killer bee stings you.
* * * LOW HITPOINT WARNING * * *
You are lethally poisoned!
The killer bee poisons you!
You shoot a sling bullet. The sling bullet hits the killer bee.
The killer bee is lightly wounded.
* * * LOW HITPOINT WARNING * * *
You feel very sick. The killer bee closely misses you.
The killer bee misses you. The killer bee stings you.
You die...

### # #.. ..#.#
#)# o######.#.#
#.# .o.o......#
#.# #.# #.# #o#
############.# #o#
#..........#.# #y#
#.########.#.# #@#
#.# #.#.#
#.###.########.#.#
#................#
#####.########.###
#.# #.# #.# #.#
#.# #.# #.# #.#
#.. ..#


You could see a killer bee and 2 orcs.

Vanquished Creatures
  Terence (D:2)
  3 adders
  4 gnolls (D:2)
  An adder zombie (D:2)
  2 worms (D:2)
  A dart slug (D:3)
  7 ball pythons
  3 bats
  4 endoplasms
  3 giant cockroaches
  7 hobgoblins
  2 quokkas (D:2)
  A ball python skeleton (D:2)
  5 goblins
  5 kobolds
  A quokka skeleton (D:2)
  A quokka zombie (D:2)
  7 rats
58 creatures vanquished.

Notes
Turn   | Place    | Note
-------+----------+-------------------------------------------
     0 | D:1      | KennySheep the Demigod Hexslinger began the quest for the
                  | Orb.
     0 | D:1      | Reached XP level 1. HP: 15/15 MP: 4/4
     2 | D:1      | Noticed a human
     2 | D:1      | Noticed a vine stalker
     4 | D:1      | Noticed a troll
     4 | D:1      | Noticed a meteoran
     6 | D:1      | Noticed a vampire
     6 | D:1      | Noticed a formicid
     8 | D:1      | Noticed an octopode
    10 | D:1      | Noticed an elf
    12 | D:1      | Noticed a minotaur
    12 | D:1      | Noticed a gargoyle
    14 | D:1      | Noticed a ghoul
    14 | D:1      | Noticed a felid
    16 | D:1      | Noticed a spriggan
    16 | D:1      | Noticed a draconian
    19 | D:1      | Noticed a demonspawn
    19 | D:1      | Noticed a naga
    21 | D:1      | Noticed a merfolk
    23 | D:1      | Noticed a tengu
    23 | D:1      | Noticed a demigod
    25 | D:1      | Noticed an ogre
    27 | D:1      | Noticed an elf
    27 | D:1      | Noticed a meteoran
    73 | D:1      | Reached skill level 1 in Fighting
    75 | D:1      | Reached skill level 2 in Ranged Weapons
   366 | D:1      | Reached XP level 2. HP: 23/23 MP: 5/5
   779 | D:2      | Reached skill level 1 in Stealth
   893 | D:2      | Reached XP level 3. HP: 28/28 MP: 6/6
  1005 | D:2      | Reached XP level 4. HP: 12/36 MP: 8/8
  1184 | D:2      | Reached skill level 3 in Ranged Weapons
  1189 | D:2      | Noticed Terence
  1213 | D:2      | Killed Terence
  2043 | D:3      | Noticed Sigmund
  2370 | D:4      | Slain by a killer bee

Illustrated notes

Levels and vault maps discovered:
D:1:      kb_arrival_jail, layout_basic
D:2:      layout_basic, serial_undead, serial_undead_a, serial_undead_b,
          serial_undead_b, serial_undead_d, kennysheep_boxes, uniq_terence
D:3:      layout_rooms, lemuel_tele_altar, okawaru_gym_becter, uniq_sigmund
D:4:      layout_loops_ring, marbit_many_paths, uniq_natasha

Skill      XL: |  1  2  3  4 |
---------------+-------------+-----
Fighting       | 1 2 |  2.1
Ranged Weapons | 2 3 |  3.3
Dodging        | 2 |  2.6
Stealth        | 1 2 |  2.0
Spellcasting   | |  1.0
Hexes          | |  2.6

Action                   |  1- 3 |  4- 6 || total
-------------------------+-------+-------++-------
 Fire: Sling             |   135 |    85 ||   220
  Use: Potion            |       |     4 ||     4
       Scroll            |       |     3 ||     3
Armor: Robe              |    10 |     7 ||    17
Dodge: Dodged            |    38 |    18 ||    56

Table legend: (Time is in decaauts)
 A = Elapsed time spent in this place.
 B = Non-inter-level travel time spent in this place.
 C = Inter-level travel time spent in this place.
 D = Time resting spent in this place.
 E = Time spent auto-exploring this place.
 F = Levels seen in this place.
 G = Mean time per level.
                   A        B        C        D        E       F      G
               +--------+--------+--------+--------+--------+-----+--------+
         Total |   2427 |   2358 |     69 |    270 |   1589 |   4 |  606.8 |
       Dungeon |   2427 |   2358 |     69 |    270 |   1589 |   4 |  606.8 |
               +--------+--------+--------+--------+--------+-----+--------+

Top non-repeatable levels by time:
     D:2: 1086 daAuts
     D:1: 790 daAuts
     D:3: 409 daAuts
     D:4: 141 daAuts
